General information
- name: BNet
- type: Ladder team game (AT/RT)
- host: Battle.net
- saver: PineBarrens
map: DragonFalls
- players: 8
- length: 51:40
- speed: Fast
- version: 1.24 W3XP
- replay type: Public
» download(333 KB)
Players
team 1 (loser)
beleriand (
green | 77 APM | 3935 actions | 50:58)
10 Priestess of the Moon
3 Searing Arrows
3 Trueshot Aura
2 Starfall
2 Scout
4 Mountain King
3 Thunder Clap
1 Storm Bolt
7 Keeper of the Grove
3 Entangling Roots
2 Thorns Aura
1 Tranquility
1 Force of Nature
» actions
| Assign group hotkey | 45 | |
| Basic commands | 515 | |
| Build / train | 132 | |
| Enter build submenu | 25 | |
| Enter hero's abilities submenu | 20 | |
| Give item / drop item | 7 | |
| Right click | 1461 | |
| Select / deselect | 578 | |
| Select group hotkey | 983 | |
| Use ability | 169 | |
3935 total
» units
| Wisp | 13 | |
| Peasant | 13 | |
| Huntress | 6 | |
| Footman | 3 | |
| Druid of the Talon | 2 | |
| Rifleman | 5 | |
| Chimaera | 17 | |
| Hippogryph | 6 | |
| Archer | 11 | |
76 total
» upgrades
| Moon Armor | 1 | |
| Strength of the Moon | 1 | |
| Druid of the Talon Training | 1 | |
| Corrosive Breath | 1 | |
| Strength of the Wild | 1 | |
5 total
» buildings
| Altar of Elders | 1 | |
| Moon Well | 5 | |
| Ancient of War | 2 | |
| Hunter's Hall | 1 | |
| Altar of Kings | 1 | |
| Farm | 1 | |
| Tree of Ages | 1 | |
| Tree of Eternity | 1 | |
| Arcane Vault | 1 | |
| Ancient of Wind | 3 | |
| Blacksmith | 1 | |
| Chimaera Roost | 2 | |
| Scout Tower | 1 | |
| Arcane Tower | 1 | |
| Ancient of Wonders | 1 | |
| Tree of Life | 3 | |
| Ancient Protector | 1 | |
27 total
» build order
00:10 Altar of Elders
00:21 Moon Well
01:39 Ancient of War
01:44 Ancient of War
02:12 Hunter's Hall
02:28 Moon Well
02:34 Moon Well
02:59 Altar of Kings
03:02 Farm
03:32 Moon Well
06:10 Tree of Ages
08:37 Tree of Eternity
08:50 Arcane Vault
09:30 Ancient of Wind
09:34 Ancient of Wind
09:38 Moon Well
10:33 Blacksmith
11:13 Chimaera Roost
11:15 Chimaera Roost
12:12 Scout Tower
12:56 Arcane Tower
21:23 Ancient of Wonders
22:04 Tree of Life
29:41 Tree of Life
31:18 Ancient Protector
35:16 Ancient of Wind
37:26 Tree of Life
» items
| Lesser Clarity Potion | 2 | |
| Scroll of Regeneration | 1 | |
| Scroll of Town Portal | 2 | |
| Scroll of Protection | 1 | |
| Potion of Lesser Invulnerability | 1 | |
| Anti-magic Potion | 7 | |
| Orb of Venom | 1 | |
15 total
shawshank (
red | 64 APM | 3255 actions | 50:36)
10 Priestess of the Moon
3 Trueshot Aura
3 Scout
3 Searing Arrows
1 Starfall
4 Mountain King
2 Storm Bolt
1 Bash
1 Avatar
» actions
| Assign group hotkey | 579 | |
| Basic commands | 304 | |
| Build / train | 164 | |
| Enter build submenu | 26 | |
| Enter hero's abilities submenu | 17 | |
| Give item / drop item | 4 | |
| Remove unit from queue | 10 | |
| Right click | 389 | |
| Select / deselect | 734 | |
| Select group hotkey | 879 | |
| Use ability | 149 | |
3255 total
» units
| Wisp | 28 | |
| Archer | 34 | |
| Peasant | 19 | |
| Footman | 1 | |
| Druid of the Talon | 23 | |
105 total
» upgrades
| Improved Bows | 1 | |
| Hippogryph Taming | 1 | |
| Defend | 1 | |
| Druid of the Talon Training | 2 | |
| Nature's Blessing | 1 | |
| Marksmanship | 1 | |
| Mark of the Talon | 1 | |
| Strength of the Moon | 1 | |
| Moon Armor | 0 | |
| Ultravision | 1 | |
| Well Spring | 1 | |
11 total
» buildings
| Moon Well | 6 | |
| Altar of Elders | 1 | |
| Ancient of War | 3 | |
| Farm | 2 | |
| Barracks | 1 | |
| Tree of Ages | 1 | |
| Ancient of Wind | 7 | |
| Ancient of Wonders | 2 | |
| Tree of Life | 3 | |
| Hunter's Hall | 1 | |
| Tree of Eternity | 1 | |
28 total
» build order
00:19 Moon Well
00:33 Altar of Elders
01:17 Ancient of War
01:29 Moon Well
01:54 Ancient of War
02:07 Moon Well
03:03 Farm
03:16 Farm
03:37 Barracks
05:48 Tree of Ages
08:30 Ancient of Wind
08:33 Ancient of Wind
08:35 Ancient of Wind
09:48 Moon Well
10:41 Moon Well
11:02 Ancient of Wonders
11:08 Tree of Life
16:01 Moon Well
16:05 Hunter's Hall
16:57 Tree of Eternity
21:04 Ancient of Wind
21:07 Ancient of Wind
21:09 Ancient of Wind
21:12 Ancient of Wind
21:21 Ancient of War
21:57 Tree of Life
27:15 Ancient of Wonders
46:29 Tree of Life
» items
| Scroll of Town Portal | 7 | |
| Potion of Healing | 2 | |
| Scroll of Regeneration | 2 | |
| Scroll of Healing | 1 | |
| Scroll of Protection | 2 | |
| Anti-magic Potion | 3 | |
| Moonstone | 1 | |
18 total

»
DirtyDan. (
pink | 46 APM | 2366 actions | 51:33)
10 Demon Hunter
3 Immolation
3 Evasion
1 Metamorphosis
3 Mana Burn
» actions
| Assign group hotkey | 28 | |
| Basic commands | 16 | |
| Build / train | 80 | |
| Enter build submenu | 21 | |
| Enter hero's abilities submenu | 10 | |
| Give item / drop item | 2 | |
| Remove unit from queue | 3 | |
| Right click | 1090 | |
| Select / deselect | 494 | |
| Select group hotkey | 458 | |
| Use ability | 164 | |
2366 total
» units
| Wisp | 22 | |
| Archer | 3 | |
| Huntress | 7 | |
| Dryad | 11 | |
| Druid of the Claw | 6 | |
| Mountain Giant | 2 | |
51 total
» upgrades
| Druid of the Claw Training | 2 | |
| Strength of the Wild | 2 | |
| Reinforced Hides | 1 | |
| Mark of the Claw | 1 | |
| Hardened Skin | 1 | |
| Nature's Blessing | 1 | |
8 total
» buildings
| Altar of Elders | 1 | |
| Moon Well | 7 | |
| Ancient of War | 2 | |
| Hunter's Hall | 1 | |
| Tree of Ages | 1 | |
| Ancient of Lore | 3 | |
| Ancient Protector | 1 | |
| Tree of Eternity | 1 | |
| Ancient of Wonders | 1 | |
| Tree of Life | 3 | |
21 total
» build order
00:22 Altar of Elders
00:35 Moon Well
00:42 Moon Well
00:54 Ancient of War
01:00 Ancient of War
01:48 Moon Well
02:35 Hunter's Hall
02:56 Moon Well
04:30 Tree of Ages
07:14 Moon Well
07:22 Ancient of Lore
07:25 Ancient of Lore
08:14 Ancient of Lore
09:00 Ancient Protector
09:43 Tree of Eternity
12:01 Ancient of Wonders
12:54 Moon Well
14:35 Moon Well
21:40 Tree of Life
29:08 Tree of Life
33:13 Tree of Life
» items
| Scroll of Town Portal | 1 | |
| Scroll of Healing | 1 | |
| Staff of Teleportation | 1 | |
| Potion of Healing | 1 | |
| Dust of Appearance | 1 | |
5 total
team 2 (winner)

»
got.2.go.2.work (
blue | 58 APM | 3004 actions | 51:33)
8 Crypt Lord
3 Impale
3 Spiked Carapace
1 Locust Swarm
1 Carrion Beetles
5 Death Knight
3 Death Coil
2 Unholy Aura
5 Dreadlord
3 Vampiric Aura
2 Sleep
» actions
| Assign group hotkey | 11 | |
| Basic commands | 304 | |
| Build / train | 115 | |
| ESC pressed | 3 | |
| Enter build submenu | 26 | |
| Enter hero's abilities submenu | 18 | |
| Give item / drop item | 5 | |
| Right click | 890 | |
| Select / deselect | 1120 | |
| Select group hotkey | 308 | |
| Use ability | 204 | |
3004 total
» units
| Acolyte | 9 | |
| Ghoul | 14 | |
| Crypt Fiend | 20 | |
| Abomination | 2 | |
| Obsidian Statue | 6 | |
| Meatwagon | 1 | |
52 total
» upgrades
| Cannibalize | 1 | |
| Creature Attack | 3 | |
| Creature Carapace | 3 | |
| Web | 1 | |
| Burrow | 1 | |
| Disease Cloud | 1 | |
10 total
» buildings
| Crypt | 3 | |
| Ziggurat | 9 | |
| Altar of Darkness | 2 | |
| Tomb of Relics | 2 | |
| Halls of the Dead | 1 | |
| Graveyard | 1 | |
| Black Citadel | 1 | |
| Spirit Tower | 1 | |
| Slaughterhouse | 2 | |
22 total
» build order
00:09 Crypt
00:12 Ziggurat
00:54 Ziggurat
00:56 Ziggurat
01:02 Altar of Darkness
01:41 Tomb of Relics
04:40 Ziggurat
05:11 Halls of the Dead
05:14 Graveyard
06:53 Crypt
07:14 Crypt
07:46 Ziggurat
08:37 Ziggurat
10:49 Black Citadel
12:41 Ziggurat
14:37 Tomb of Relics
18:32 Spirit Tower
21:46 Slaughterhouse
22:21 Slaughterhouse
22:53 Ziggurat
22:55 Ziggurat
43:16 Altar of Darkness
» items
| Rod of Necromancy | 5 | |
| Potion of Healing | 6 | |
| Potion of Mana | 4 | |
| Sacrificial Skull | 3 | |
| Scroll of Town Portal | 6 | |
| Orb of Corruption | 4 | |
| Boots of Speed | 1 | |
29 total

»
my_team_lose (
teal | 59 APM | 3061 actions | 51:34)
9 Mountain King
3 Storm Bolt
3 Thunder Clap
1 Avatar
2 Bash
» actions
| Assign group hotkey | 36 | |
| Basic commands | 1 | |
| Build / train | 70 | |
| Enter build submenu | 25 | |
| Enter hero's abilities submenu | 11 | |
| Remove unit from queue | 3 | |
| Right click | 1371 | |
| Select / deselect | 552 | |
| Select group hotkey | 863 | |
| Use ability | 129 | |
3061 total
» units
| Peasant | 10 | |
| Footman | 17 | |
| Rifleman | 21 | |
48 total
» upgrades
| Defend | 1 | |
| Swords | 1 | |
| Gunpowder | 2 | |
| Long Rifles | 1 | |
| Armor | 1 | |
6 total
» buildings
| Farm | 11 | |
| Altar of Kings | 3 | |
| Barracks | 2 | |
| Scout Tower | 2 | |
| Keep | 1 | |
| Blacksmith | 1 | |
| Arcane Tower | 2 | |
| Arcane Vault | 1 | |
| Lumber Mill | 1 | |
| Town Hall | 1 | |
25 total
» build order
00:20 Farm
00:23 Altar of Kings
00:51 Barracks
01:07 Farm
02:14 Farm
02:56 Barracks
03:02 Farm
03:35 Farm
03:48 Farm
05:22 Farm
06:29 Scout Tower
07:30 Keep
07:34 Blacksmith
08:31 Arcane Tower
08:35 Scout Tower
08:47 Arcane Vault
09:26 Arcane Tower
10:53 Lumber Mill
11:26 Farm
16:07 Farm
22:09 Altar of Kings
23:46 Altar of Kings
25:14 Farm
25:22 Farm
34:03 Town Hall
» items

»
sinly (
orange | 40 APM | 2069 actions | 51:34)
9 Mountain King
3 Storm Bolt
3 Bash
1 Avatar
2 Thunder Clap
» actions
| Assign group hotkey | 134 | |
| Basic commands | 245 | |
| Build / train | 110 | |
| Enter build submenu | 25 | |
| Enter hero's abilities submenu | 10 | |
| Give item / drop item | 4 | |
| Right click | 743 | |
| Select / deselect | 421 | |
| Select group hotkey | 269 | |
| Use ability | 108 | |
2069 total
» units
| Peasant | 19 | |
| Footman | 10 | |
| Gryphon Rider | 12 | |
| Dragonhawk Rider | 17 | |
| Knight | 4 | |
62 total
» upgrades
| Defend | 1 | |
| Storm Hammers | 1 | |
| Animal War Training | 1 | |
| Swords | 3 | |
| Cloud | 1 | |
| Plating | 1 | |
| Masonry | 1 | |
9 total
» buildings
| Altar of Kings | 2 | |
| Farm | 8 | |
| Barracks | 3 | |
| Arcane Vault | 1 | |
| Keep | 2 | |
| Castle | 1 | |
| Blacksmith | 1 | |
| Lumber Mill | 1 | |
| Gryphon Aviary | 2 | |
| Town Hall | 3 | |
| Guard Tower | 2 | |
| Scout Tower | 1 | |
27 total
» build order
00:05 Altar of Kings
00:14 Farm
00:39 Barracks
00:43 Farm
01:39 Farm
02:13 Farm
02:56 Barracks
02:59 Barracks
03:37 Farm
04:56 Farm
05:49 Arcane Vault
06:14 Keep
08:41 Castle
08:45 Blacksmith
08:49 Lumber Mill
09:32 Gryphon Aviary
09:37 Gryphon Aviary
10:37 Farm
11:20 Farm
14:45 Town Hall
21:52 Guard Tower
21:54 Guard Tower
27:23 Town Hall
37:25 Town Hall
44:47 Keep
50:01 Scout Tower
51:30 Altar of Kings
» items
| Scroll of Regeneration | 5 | |
| Lesser Clarity Potion | 4 | |
| Scroll of Town Portal | 5 | |
| Potion of Healing | 2 | |
| Ivory Tower | 3 | |
| Orb of Fire | 1 | |
| Potion of Mana | 1 | |
| Potion of Lesser Invulnerability | 1 | |
| Boots of Speed | 1 | |
23 total
PineBarrens (
yellow | 39 APM | 2040 actions | 51:40)
8 Demon Hunter
3 Mana Burn
3 Evasion
1 Metamorphosis
1 Immolation
2 Warden
1 Shadow Strike
1 Blink
» actions
| Basic commands | 18 | |
| Build / train | 131 | |
| Enter build submenu | 22 | |
| Enter hero's abilities submenu | 10 | |
| Give item / drop item | 1 | |
| Remove unit from queue | 2 | |
| Right click | 996 | |
| Select / deselect | 737 | |
| Use ability | 123 | |
2040 total
» units
| Wisp | 29 | |
| Huntress | 19 | |
| Chimaera | 12 | |
| Hippogryph | 11 | |
| Druid of the Claw | 28 | |
99 total
» upgrades
| Reinforced Hides | 3 | |
| Strength of the Wild | 3 | |
| Corrosive Breath | 1 | |
| Druid of the Claw Training | 2 | |
9 total
» buildings
| Altar of Elders | 1 | |
| Moon Well | 7 | |
| Hunter's Hall | 1 | |
| Ancient of War | 2 | |
| Tree of Ages | 1 | |
| Tree of Eternity | 4 | |
| Ancient of Wind | 1 | |
| Chimaera Roost | 4 | |
| Tree of Life | 3 | |
| Ancient of Lore | 2 | |
26 total
» build order
00:13 Altar of Elders
00:19 Moon Well
01:42 Hunter's Hall
01:44 Ancient of War
02:05 Ancient of War
02:21 Moon Well
02:39 Moon Well
07:32 Tree of Ages
07:57 Moon Well
09:53 Tree of Eternity
09:53 Tree of Eternity
09:53 Tree of Eternity
10:33 Ancient of Wind
12:19 Chimaera Roost
12:20 Chimaera Roost
12:23 Chimaera Roost
12:31 Chimaera Roost
12:50 Moon Well
12:54 Moon Well
16:41 Tree of Life
18:18 Ancient of Lore
21:32 Ancient of Lore
29:27 Moon Well
46:25 Tree of Life
46:30 Tree of Life
» items
Chat log
(00:14 / Allies) my_team_lose: units?
(00:21 / Allies) PineBarrens: hunt chim
(00:22 / Allies) got.2.go.2.work: ghouls, fast expo, frost
(00:29 / Allies) got.2.go.2.work: will bang out a few fiends or gargs too
(00:35 / Allies) my_team_lose: hawks and griphs
(00:37 / All) PineBarrens: ?
(00:41 / All) got.2.go.2.work: go take a dump on your own time buddy
(00:54 / All) PineBarrens: u guys must have an afk
(00:59 / Allies) my_team_lose: guys lets get we all max air?
(01:11 / All) got.2.go.2.work: puh-leez
(01:14 / Allies) my_team_lose: they have one afk
(01:19 / Allies) got.2.go.2.work: probably
(01:21 / Allies) PineBarrens: yea lets rush
(01:23 / Allies) got.2.go.2.work: go scout with a wisp and find out
(01:51 / Allies) PineBarrens: scout bot
(01:58 / Allies) my_team_lose: i ll
(02:41 / All) PineBarrens: gg
(02:49 / Allies) PineBarrens: rush
(02:56 / All) got.2.go.2.work: pausing constantly was NOT a clue at all ;)
(02:59 / Allies) PineBarrens: hard rush
(04:31 / Allies) PineBarrens: blue come
(05:18 / Allies) got.2.go.2.work: stop rally
(05:32 / Allies) got.2.go.2.work: they will tp to purp probably
(06:07 / Allies) my_team_lose: come on guys wtf
(06:10 / Allies) my_team_lose: hard rush
(06:23 / Allies) my_team_lose: oj tp
(06:25 / Allies) my_team_lose: i can get here
(06:28 / Allies) sinly: no tp
(06:34 / Allies) got.2.go.2.work: use your fucking units
(06:36 / Allies) got.2.go.2.work: jesus fuck
(06:38 / Allies) PineBarrens: help
(06:44 / Allies) got.2.go.2.work: help yourself!
(06:46 / Allies) got.2.go.2.work: u have 3 hunts sitting
(06:50 / Allies) PineBarrens: stop yelling
(06:56 / Allies) got.2.go.2.work: then start playing
(07:06 / Allies) PineBarrens: sorry i have phone call
(07:14 / Allies) PineBarrens: dick
(07:24 / Allies) got.2.go.2.work: clearly im the dick
(07:29 / Allies) PineBarrens: yes clearly...
(07:30 / Allies) got.2.go.2.work: youre screaming for help while sitting in your base
(07:38 / Allies) got.2.go.2.work: i can see why im the dick
(07:44 / Allies) PineBarrens: ur the one screaming
(07:55 / Allies) got.2.go.2.work: gj down there
(08:19 / Allies) my_team_lose: b
(08:20 / Allies) my_team_lose: b
(08:22 / Allies) got.2.go.2.work: they tped, go
(09:39 / Allies) got.2.go.2.work: out
(10:09 / Allies) PineBarrens: take defend off
(10:11 / Allies) got.2.go.2.work: brt
(10:45 / All) PineBarrens: gg
(10:47 / Allies) PineBarrens: hit guys
(10:59 / Allies) got.2.go.2.work: they busy
(11:26 / Allies) PineBarrens: potm
(11:34 / Allies) PineBarrens: need dust
(12:17 / Allies) my_team_lose: come on oj
(13:14 / Allies) PineBarrens: chim comin
(13:21 / Allies) PineBarrens: make sure we got enough aa tho
(13:58 / Allies) got.2.go.2.work: agil slippers
(14:38 / Allies) my_team_lose: gold plz
(14:42 / All) beleriand: u guys are rather sad lol
(14:46 / Allies) PineBarrens: lets finish purp
(14:47 / Allies) got.2.go.2.work: expo
(15:04 / Allies) PineBarrens: main
(15:42 / Allies) PineBarrens: potm
(17:51 / Allies) my_team_lose: gold plz
(17:56 / Allies) my_team_lose: fast
(18:02 / Allies) my_team_lose: oj
(19:12 / Allies) PineBarrens: blue help
(19:23 / Allies) PineBarrens: blue tp
(19:23 / Allies) got.2.go.2.work: bert
(20:12 / Allies) got.2.go.2.work: fucking fight
(20:14 / Allies) got.2.go.2.work: u dumbass
(20:28 / All) my_team_lose: wow gg
(20:31 / All) beleriand: rofl
(20:32 / All) shawshank: haha
(20:35 / Allies) PineBarrens: not over
(20:36 / Allies) PineBarrens: stay
(20:37 / All) DirtyDan.: gg hahah
(20:38 / All) beleriand: <3
(20:40 / Allies) got.2.go.2.work: u guys BLOW
(20:45 / Allies) got.2.go.2.work: yellow is sitting on 1600 fucking gold
(20:48 / Allies) my_team_lose: i go max untis for rush
(20:51 / Allies) my_team_lose: but you didnt rush
(20:52 / Allies) my_team_lose: reyatds
(20:53 / Allies) PineBarrens: not over
(20:53 / Allies) PineBarrens: stay
(21:04 / Allies) my_team_lose: we said fast rush
(21:08 / Allies) got.2.go.2.work: embarassing as fuck to lose a 3on4
(21:14 / Allies) my_team_lose: i got max foots and rifles for rushing
(21:19 / Allies) got.2.go.2.work: why are you massing HAWK?
(21:20 / Allies) got.2.go.2.work: useless
(21:22 / Allies) my_team_lose: they are lv 6
(21:36 / Allies) my_team_lose: their heros
(21:53 / Allies) my_team_lose: gimme gold for hero
(21:54 / Allies) got.2.go.2.work: wood me
(22:05 / Allies) PineBarrens: oj just back
(22:08 / Allies) PineBarrens: come up top
(22:12 / Allies) got.2.go.2.work: wood
(22:14 / Allies) got.2.go.2.work: NOW
(22:45 / Allies) got.2.go.2.work: seriously, that was a 3on3 fight you made me tp to
(22:49 / Allies) got.2.go.2.work: how did you 3 get rolled?
(23:30 / Allies) PineBarrens: oj come with us
(23:32 / Allies) PineBarrens: dont fight
(23:51 / Allies) PineBarrens: TRY WORMS BLUE
(24:01 / Allies) my_team_lose: he didnt upgrad archers come on
(24:24 / Allies) PineBarrens: FIGHT
(24:43 / Allies) my_team_lose: 3v3
(24:44 / Allies) my_team_lose: come on
(24:56 / Allies) my_team_lose: STUN HIM
(24:57 / Allies) my_team_lose: FAST
(24:58 / Allies) my_team_lose: STUN
(25:08 / Allies) my_team_lose: gimme gold
(25:10 / Allies) my_team_lose: fast
(25:16 / Allies) my_team_lose: for my MK
(25:19 / Allies) my_team_lose: revive
(25:35 / Allies) my_team_lose: more it is 340
(25:51 / Allies) my_team_lose: blue gimme 100 gold
(25:55 / All) my_team_lose: 200
(25:56 / Allies) my_team_lose: 200
(25:57 / Allies) my_team_lose: plz
(26:17 / Allies) sinly: u blocked me
(27:08 / Allies) sinly: 100g?
(27:09 / Allies) my_team_lose: i need a gold mine
(27:27 / Allies) my_team_lose: but i dont have gold for it
(27:40 / Allies) my_team_lose: wait for my hero
(28:10 / Allies) got.2.go.2.work: they just blew their starfalls ATTACK
(28:16 / Allies) my_team_lose: i ll stun
(28:49 / Allies) got.2.go.2.work: no
(28:51 / Allies) got.2.go.2.work: expos ONLY
(28:53 / Allies) PineBarrens: bring fiends
(29:31 / Allies) PineBarrens: lets hit
(29:31 / Allies) my_team_lose: gold plz
(29:42 / Allies) got.2.go.2.work: they see us with faire fire
(29:55 / Allies) got.2.go.2.work: get poeons going
(30:04 / Allies) got.2.go.2.work: check that teal
(30:12 / Allies) got.2.go.2.work: good
(30:14 / Allies) got.2.go.2.work: they low on gold
(30:29 / Allies) got.2.go.2.work: roar
(32:15 / Allies) got.2.go.2.work: sad
(32:16 / Allies) got.2.go.2.work: very sad
(32:38 / Allies) got.2.go.2.work: go OJ
(32:39 / Allies) got.2.go.2.work: NOW
(32:46 / Allies) PineBarrens: we can still win
(32:49 / Allies) got.2.go.2.work: doubt it
(32:53 / Allies) my_team_lose: funny game
(32:54 / Allies) got.2.go.2.work: i have no gold
(33:01 / All) got.2.go.2.work: more liek REDICULOUS game
(33:06 / All) beleriand: lol
(33:09 / All) got.2.go.2.work: who the fuck masses air VS pure aa?
(33:15 / Allies) my_team_lose: 2 expos with 15k gold and no one have gold
(33:31 / Allies) got.2.go.2.work: ive already used up two whole gold mines
(33:41 / Allies) my_team_lose: oj gold plz
(33:42 / Allies) my_team_lose: for a mine
(33:50 / Allies) PineBarrens: stick together
(33:53 / Allies) my_team_lose: 100
(33:59 / Allies) my_team_lose: 100 gold
(34:00 / Allies) my_team_lose: oj
(34:04 / Allies) got.2.go.2.work: dont bothetr
(34:04 / Allies) my_team_lose: ty
(34:06 / Allies) got.2.go.2.work: i got it
(34:09 / Allies) my_team_lose: OUT
(34:10 / Allies) my_team_lose: BLUE
(34:11 / Allies) my_team_lose: WY
(34:13 / Allies) my_team_lose: WTF
(34:15 / Allies) my_team_lose: FUCK TOU
(34:17 / Allies) my_team_lose: FOU YOU
(34:17 / Allies) got.2.go.2.work: cost me 250 for mining
(34:22 / Allies) my_team_lose: i have gold
(34:26 / Allies) my_team_lose: retarded
(34:26 / Allies) got.2.go.2.work: u dont need ot rebuild a whole fucking base
(34:36 / Allies) PineBarrens: oj
(34:38 / Allies) PineBarrens: come with us
(34:40 / Allies) got.2.go.2.work: it's simple math teal
(34:49 / Allies) got.2.go.2.work: meet all NOW
(34:50 / Allies) got.2.go.2.work: comon OJ
(34:57 / Allies) my_team_lose: help
(35:21 / Allies) got.2.go.2.work: expos ONLY
(35:37 / Allies) my_team_lose: need anti chims
(35:41 / Allies) got.2.go.2.work: fiends
(36:18 / Allies) my_team_lose: 10 gold plz
(36:20 / Allies) my_team_lose: hahah
(36:21 / Allies) my_team_lose: to revie
(36:22 / All) got.2.go.2.work: that lose u the game
(36:25 / All) shawshank: nah
(36:26 / Allies) my_team_lose: my clap destroy red hahaha
(36:41 / Allies) my_team_lose: 10 gold to revie
(37:09 / Allies) my_team_lose: this anti magic sux starffall
(37:15 / Allies) sinly: wood?
(37:44 / Allies) my_team_lose: i ll play just with the hero
(39:18 / Allies) got.2.go.2.work: spend OJ
(39:19 / Allies) got.2.go.2.work: spend
(39:52 / Allies) PineBarrens: stay together
(39:54 / Allies) my_team_lose: tp or not/
(39:56 / Allies) got.2.go.2.work: no
(39:57 / Allies) PineBarrens: no
(40:02 / Allies) got.2.go.2.work: just feed yellow and me your gold
(40:04 / Allies) sinly: no
(40:12 / Allies) my_team_lose: i feed to oj
(40:19 / Allies) got.2.go.2.work: oj is DEAD
(40:22 / Allies) got.2.go.2.work: dont fucking feed HIM
(40:25 / Allies) my_team_lose: not now
(40:27 / Allies) got.2.go.2.work: feed me and yellow so we can actually make units
(40:29 / Allies) my_team_lose: when i had the gold
(40:31 / Allies) my_team_lose: i feeded to oj
(41:05 / Allies) got.2.go.2.work: feed us OJ
(41:06 / Allies) my_team_lose: no more goldmine here
(41:09 / Allies) got.2.go.2.work: get 5 peons
(41:32 / Allies) PineBarrens: i got no tp
(41:35 / Allies) got.2.go.2.work: expos ONLY
(41:54 / Allies) got.2.go.2.work: back to base
(42:36 / Allies) my_team_lose: lol blue
(42:37 / Allies) my_team_lose: wtf
(42:52 / Allies) got.2.go.2.work: said back to base, was busdy unsummoning
(43:01 / Allies) got.2.go.2.work: yellow loses his base, game is over
(43:25 / Allies) my_team_lose: i cant do nothing
(43:34 / Allies) got.2.go.2.work: dumbasses
(43:46 / Allies) my_team_lose: need aa
(43:48 / Allies) got.2.go.2.work: thats game
(44:21 / Allies) PineBarrens: gone
(44:30 / Allies) got.2.go.2.work: check all xpos again
(44:34 / Allies) PineBarrens: hit mains
(44:36 / Allies) my_team_lose: we need fucking units
(44:44 / Allies) got.2.go.2.work: dude, it's EXPOS not mains
(44:52 / Allies) PineBarrens: just did expos man
(44:58 / Allies) got.2.go.2.work: and they can rebuild them
(45:00 / Allies) my_team_lose: i ll check here
(45:20 / Allies) my_team_lose: beast
(45:21 / Allies) my_team_lose: roar
(45:26 / Allies) PineBarrens: just stick together
(45:30 / Allies) my_team_lose: hahah
(45:41 / Allies) got.2.go.2.work: check
(45:56 / Allies) PineBarrens: need aa here
(46:05 / Allies) got.2.go.2.work: got no base
(46:09 / Allies) got.2.go.2.work: its only YOU
(46:22 / Allies) got.2.go.2.work: spend your 1k noob gold
(46:24 / Allies) got.2.go.2.work: holy fuck
(46:40 / Allies) my_team_lose: let me buy a orb
(46:44 / Allies) my_team_lose: gimme 375 gold
(46:46 / Allies) my_team_lose: 300 gold
(47:03 / Allies) my_team_lose: lol no 3thr hoiuse
(47:12 / Allies) my_team_lose: need mana
(47:16 / Allies) got.2.go.2.work: green checking
(47:31 / All) my_team_lose: hero wars
(47:33 / All) my_team_lose: hahahha
(47:34 / All) my_team_lose: funny game
(47:55 / Allies) my_team_lose: KTOG
(48:04 / All) DirtyDan.: mks to strong
(48:10 / Allies) my_team_lose: RUN BLUE
(48:22 / All) shawshank: 50 stunners
(48:25 / All) beleriand: wish we had purples mk
(48:28 / All) beleriand: woulda been easy ahah
(48:48 / All) got.2.go.2.work: 2fer
(49:07 / Allies) my_team_lose: GET A HERO
(49:22 / Allies) PineBarrens: 100 gold pls
(49:30 / Allies) got.2.go.2.work: healing
(49:36 / All) shawshank: gg
(49:38 / Allies) my_team_lose: SP
(49:39 / Allies) my_team_lose: SP
(49:39 / All) shawshank: too many things against us
(49:40 / Allies) my_team_lose: MANA
(49:43 / All) shawshank: not bad for 3v4
(49:44 / All) PineBarrens: gg
(49:48 / All) got.2.go.2.work: u basically won
(49:49 / All) PineBarrens: yea good one
(49:52 / All) my_team_lose: it is hero wars man
(50:00 / Allies) PineBarrens: i got 2 mines
(50:01 / Allies) PineBarrens: we gonna win
(50:13 / Allies) got.2.go.2.work: heal here
(50:15 / Allies) got.2.go.2.work: got stats
(50:35 / All) my_team_lose: GG
(50:38 / All) PineBarrens: gg
(50:44 / Allies) my_team_lose: I LL STUN
(50:46 / Allies) PineBarrens: stick together
(50:55 / All) my_team_lose: GG
(50:59 / All) my_team_lose: FUNNY GAME
(51:06 / All) PineBarrens: mad good game
(51:07 / All) DirtyDan.: meh gg
(51:08 / All) PineBarrens: too long
(51:10 / All) PineBarrens: too noobs
(51:13 / Allies) got.2.go.2.work: great game
(51:22 / All) PineBarrens: 2 mines up gg
(51:23 / All) got.2.go.2.work: love these long ones
(51:33 / All) got.2.go.2.work: gg cuz we killed their EXPOS